 Dungeon Crawl Stone Soup version 0.29.1-2-gbd0b4ee654 (webtiles) character file.

Game seed: 2232724123246697033

15 funnyparkerb the Shield-Bearer (level 2, -2/19 HPs)
             Began as a Gargoyle Fighter on Nov 7, 2022.
             Slain by a gnoll
             ... wielding a +0 spear
              (5 damage)
             ... on level 2 of the Dungeon.
             The game lasted 00:00:48 (1047 turns).

funnyparkerb the Shield-Bearer (Gargoyle Fighter)   Turns: 1047, Time: 00:00:48

Health: -2/19      AC:  9    Str: 19    XL:     2   Next: 50%
Magic:  0/2        EV:  9    Int:  8    God:
Gold:   40         SH:  4    Dex:  9    Spells: 1/1 levels left

rFire   . . .      SeeInvis .   a - +0 flail
rCold   . . .      Faith    .   c - +0 buckler
rNeg    + . .      Spirit   +   b - +0 scale mail
rPois   ∞          Reflect  .   (no helmet)
rElec   +          Harm     .   (no cloak)
rCorr   .          Rampage  .   (no gloves)
Will    .....                   (no boots)
Stlth   ..........              l - amulet of guardian spirit
HPRegen 0.06/turn               (no ring)
MPRegen 0.08/turn               (no ring)

@: no status effects
A: sickness immunity, AC +2, negative energy resistance 1, electricity
resistance, torment resistance 1, petrification resistance
a: no special abilities


You were on level 2 of the Dungeon.
You visited 1 branch of the dungeon, and saw 2 of its levels.

You collected 40 gold pieces.

Inventory:

Hand Weapons
 a - a +0 flail (weapon)
Armour
 b - a +0 scale mail (worn)
 c - a +0 buckler (worn)
Jewellery
 l - an amulet of guardian spirit (around neck)
Scrolls
 e - a scroll of identify {unknown}
 f - a scroll of immolation {unknown}
 h - 2 scrolls of magic mapping {unknown}
 m - a scroll of poison {unknown}
Potions
 d - a potion of might
 g - a potion of magic {unknown}
 i - a potion of curing {unknown}
 j - a potion of flight {unknown}
 k - a potion of ambrosia {unknown}


   Skills:
 - Level 3.2 Fighting
 + Level 3.0 Maces & Flails
 - Level 3.2 Armour
 - Level 3.2 Shields


You had one spell level left.
You didn't know any spells.
Your spell library was empty.

Dungeon Overview and Level Annotations

Branches:
Dungeon (2/15)

Altars:

Shops:
D:1 (


Innate Abilities, Weirdness & Mutations

You are immune to sickness and miasma.
Your stone body is resilient. (AC +2)
You are immune to poison.
You resist negative energy. (rN+)
You are resistant to electric shocks. (rElec)
You are resistant to unholy torment.
You are immune to petrification.


Message History

Found a stone staircase leading down.
There is a stone staircase leading up here.
Found 2 poisoned darts.
Found a robe.
Found a ring mail.
Found a hand axe.
l - an amulet of guardian spirit You open the door.
There is an open door here.
There is an open door here.
Found a ring mail.
You start putting on your amulet.
You continue putting on your amulet of guardian spirit. x5
You finish putting on your amulet of guardian spirit.
You feel your power drawn to a protective spirit.
l - an amulet of guardian spirit (around neck)
m - a scroll labelled AKAACU OBEQUO A gnoll comes into view.
It is wielding a +0 spear.
The gnoll shouts!
A gnoll is nearby!
A gnoll comes into view. It is wielding a +0 spear.
The gnoll shouts!
A gnoll comes into view. It is wielding a +0 spear.
A gnoll comes into view. It is wielding a +0 whip.
The gnoll shouts! x2
The gnoll barely misses you. The gnoll closely misses you.
The gnoll hits you with a +0 spear.
You hit the gnoll.
The gnoll is lightly wounded.
The gnoll barely misses you.
The gnoll hits you from afar with a +0 spear.
You closely miss the gnoll.
The gnoll is lightly wounded.
The gnoll hits you with a +0 spear!
* * * LOW HITPOINT WARNING * * *
The gnoll hits you from afar with a +0 spear.
* * * LOW HITPOINT WARNING * * *
You are too injured to fight recklessly!
The gnoll attacks as you move away! The gnoll hits you with a +0 spear.
You die...

#.# #.# #.#
#.##.# #.#
#.##.# ..#
#.##.# #.#
#.##g# #.#
#.##g# #.##g#
#.##g# #.##@#
#.##.# #.##.#
#.##.# #.##.#
#.##.# #.##.#
.##.####.#..#
.........#.##


You could see 4 gnolls.

Vanquished Creatures
  A dart slug (D:1)
  A bat (D:1)
  2 endoplasms (D:1)
  A giant cockroach (D:1)
  4 jackals (D:1)
  A goblin (D:1)
  A rat (D:1)
11 creatures vanquished.

Notes
Turn   | Place    | Note
-------+----------+-------------------------------------------
     0 | D:1      | funnyparkerb the Gargoyle Fighter began the quest for the
                  | Orb.
     0 | D:1      | Reached XP level 1. HP: 14/14 MP: 1/1
     9 | D:1      | Noticed an ogre
   291 | D:1      | Reached XP level 2. HP: 19/19 MP: 2/2
   348 | D:1      | Found Xotuaf's Weapon Boutique.
  1047 | D:2      | Slain by a gnoll

Illustrated notes

Levels and vault maps discovered:
D:1:      evilmike_arrival_come_back, layout_loops_corners, serial_shops,
          nicolae_square_shop
D:2:      layout_basic

Skill      XL: |  1  2 |
---------------+-------+-----
Maces & Flails | 3 |  3.0
Fighting       | |  3.2
Armour         | |  3.2
Shields        | |  3.2

Action                   || total
-------------------------++-------
Melee: Flail             ||    32
Armor: Scale mail        ||    20
Dodge: Dodged            ||    20
Block: Buckler           ||     3
